 Dungeon Crawl Stone Soup version 0.26.1-11-gd32895ea62 (webtiles) character file.

Game seed: 6948308881849773003

212 manyhoops the Ruffian (level 5, 0/32 (44) HPs)
             Began as a Palentonga Transmuter on Apr 24, 2021.
             Was a Follower of Uskayaw.
             Slain by Edmund
             ... wielding a +5 flail of draining
              (1 damage)
             ... on level 4 of the Dungeon.
             The game lasted 00:05:54 (5059 turns).

manyhoops the Ruffian (Palentonga Transmuter)       Turns: 5059, Time: 00:05:54

HP:   0/32 (44)     AC:  2    Str: 14 (15) XL:     5   Next: 58%
MP:   3/8           EV: 18    Int: 15 (17) God:    Uskayaw [*.....]
Gold: 244           SH:  0    Dex: 12 (15) Spells: 2/8 levels left

rFire    . . .     SeeInvis +     - Unarmed
rCold    . . .     Faith    .   (shield currently unavailable)
rNeg     . . .     Spirit   .   (armour currently unavailable)
rPois    .         Reflect  .   (helmet currently unavailable)
rElec    .         Harm     .   (cloak currently unavailable)
rCorr    .         Rampage  .   (gloves currently unavailable)
Will     .....     Rnd*Rage +   (no barding)
Stlth    +.........             (no amulet)
HPRegen  0.10/turn              b - ring of poison resistance
MPRegen  0.11/turn              (no ring)

@: brilliant, spider-form (expiring), very heavily drained
A: tiny, rugged brown scales 3, see invisible, berserk 1, clever 2
a: End Transformation, Renounce Religion, Stomp


You were on level 4 of the Dungeon.
You worshipped Uskayaw.
Uskayaw was noncommittal.
You were a venomous arachnid creature.
You visited 1 branch of the dungeon, and saw 4 of its levels.

You collected 244 gold pieces.

Inventory:

Armour
 a - a +0 robe (melded)
 g - a +0 helmet (melded)
 s - a cursed +0 cloak (melded)
 t - a +0 pair of gloves (melded)
Jewellery
 b - a ring of poison resistance (left front leg)
 j - an uncursed ring of flight
Scrolls
 d - a scroll of noise
 e - a scroll of teleportation
 h - 2 scrolls of amnesia
 k - a scroll of magic mapping {unknown}
 l - 7 scrolls of remove curse
 n - a scroll of random uselessness {unknown}
 q - a scroll of fear {unknown}
 r - 3 scrolls of blinking {unknown}
 w - a scroll of fog {unknown}
Potions
 c - a potion of brilliance
 f - a potion of cancellation
 i - a potion of attraction
 o - a potion of might {unknown}
 p - a potion of haste {unknown}


   Skills:
 - Level 2.4 Fighting
 - Level 1.5 Dodging
 - Level 4.9 Unarmed Combat
 - Level 2.0 Spellcasting
 + Level 3.7 Transmutations


You had 2 spell levels left.
You knew the following spells:

 Your Spells              Type           Power        Failure   Level
a - Beastly Appendage     Tmut           36%          14%         1
b - Wereblood             Tmut           18%          21%         2
c - Spider Form           Tmut/Pois      5%           52%         3

Your spell library contained the following spells:

 Spells                   Type           Power        Failure   Level
 Ice Form                 Ice/Tmut       10%          87%         4
 Blade Hands              Tmut           9%           92%         5


Dungeon Overview and Level Annotations

Branches:
Dungeon (4/15)
 Temple: D:4-7

Altars:
Uskayaw

Annotations:
D:4 Edmund


Innate Abilities, Weirdness & Mutations

(You are completely covered in rugged brown scales. (AC +3, +7% HP))
You have supernaturally acute eyesight. (SInv)
((Armour fits poorly on your strangely shaped body.))
((You can roll at nearby foes to attack.))
((You have a long armoured tail.))
You tend to lose your temper in combat.
Your mind is very acute. (Int +4)


Message History

Edmund hits you with a +5 flail of draining.
* * * LOW HITPOINT WARNING * * *
You feel drained.
* * * LOW HITPOINT WARNING * * *
It was a potion of brilliance.
You feel clever all of a sudden. Edmund hits you but does no damage.
You feel drained.
You see here a leopard gecko skeleton.
It was a potion of mutation.
You feel extremely strange.
You feel clever.
You feel a little pissed off.
You feel clever. Edmund completely misses you.
It was a potion of degeneration.
There was something very wrong with that liquid.
You feel weakened.
You feel dopey.
You feel clumsy.
Your transformation is almost over.
It was a potion of curing.
You feel better.
Edmund hits you with a +5 flail of draining!
* * * LOW HITPOINT WARNING * * *
You feel drained.
You die...

# ..######### ....'......)
... #......# ....#......#
...#....s.####
#.......@...#
.##.........#.#### #+# ###
............#....# #.# #..
.......[...#####.###.###.#
...........# #.l...#...#
........##.# ####..#l###
........##.# ####....###
........##.# #..........


You could see Edmund (very poisoned).

Vanquished Creatures
  An orc wizard (D:3)
  A jelly (D:2)
  5 adders
  2 oozes (D:2)
  An adder skeleton (D:4)
  3 worms
  A dart slug (D:1)
  3 leopard geckos
  4 orcs (D:3)
  8 giant cockroaches
  7 goblins
  5 hobgoblins (D:2)
  4 jackals (D:2)
  9 kobolds
  4 quokkas
  4 bats
  6 frilled lizards
  9 rats
77 creatures vanquished.

Notes
Turn   | Place    | Note
-------+----------+-------------------------------------------
     0 | D:1      | manyhoops the Palentonga Transmuter began the quest for the
                  | Orb.
     0 | D:1      | Reached XP level 1. HP: 17/17 MP: 3/3
    49 | D:1      | Reached XP level 2. HP: 6/24 MP: 5/5
  1568 | D:2      | Reached skill level 4 in Unarmed Combat
  1568 | D:2      | Reached XP level 3. HP: 25/31 MP: 4/6
  2179 | D:2      | Reached XP level 4. HP: 35/38 MP: 7/7
  3467 | D:3      | Reached XP level 5. HP: 17/44 MP: 6/8
  3686 | D:3      | Learned a level 2 spell: Wereblood
  3690 | D:3      | Learned a level 3 spell: Spider Form
  4015 | D:3      | Found a hide-covered altar of Uskayaw.
  4030 | D:3      | Became a worshipper of Uskayaw the Reveller
  4055 | D:3      | Noticed an ogre
  4060 | D:3      | Reached * piety under Uskayaw
  4063 | D:3      | Reached ** piety under Uskayaw
  4728 | D:4      | Noticed a phantom
  4730 | D:4      | Noticed Edmund
  5057 | D:4      | Gained mutation: Your mind is acute. (Int +2) [potion of
                  | mutation]
  5057 | D:4      | Gained mutation: You tend to lose your temper in combat.
                  | [potion of mutation]
  5057 | D:4      | Gained mutation: Your mind is very acute. (Int +4) [potion
                  | of mutation]
  5059 | D:4      | HP: 1/34 [Edmund/+5 flail of draining (8)]
  5059 | D:4      | Slain by Edmund

Illustrated notes

Levels and vault maps discovered:
D:1:      dpeg_arrival_short_road, layout_basic
D:2:      minmay_diamond_boxcup, layout_basic, kennysheep_generic_room_6
D:3:      layout_basic, nicolae_overflow_crystal_walls, gup_sewer_entry_spiral
D:4:      layout_basic, uniq_edmund, uniq_ijyb

Skill      XL: |  1  2  3  4  5 |
---------------+----------------+-----
Fighting       | 2 |  2.4
Unarmed Combat | 4 |  4.9
Transmutations | 3 |  3.7
Dodging        | |  1.5
Spellcasting   | |  2.0

Action                   |  1- 3 |  4- 6 || total
-------------------------+-------+-------++-------
Melee: Unarmed           |    90 |   179 ||   269
       Kick              |     5 |     1 ||     6
       Punch             |     3 |     3 ||     6
       Tailslap          |     3 |    17 ||    20
       Headbutt          |     2 |     1 ||     3
 Cast: Beastly Appendage |     9 |     4 ||    13
       Spider Form       |       |     1 ||     1
 Abil: Rolling Charge    |     1 |     2 ||     3
  Use: Scroll            |       |     5 ||     5
       Potion            |       |     5 ||     5
 Stab: Sleeping          |     1 |       ||     1
       Distracted        |       |     1 ||     1
Armor: Robe              |    40 |    52 ||    92
       Skin              |       |     1 ||     1
Dodge: Dodged            |    67 |    75 ||   142
